 Dungeon Crawl Stone Soup version 0.31-a0-175-g9f7f995f2b (console) character file.

Game seed: 847642769337269804

633471 petzl the Hoplite (level 27, -9/1 (205) HPs)
             Began as a Formicid Delver on June 16, 2023.
             Was the Champion of Vehumet.
             Killed from afar by a wendigo (10 damage)
             ... with a stunning burst
             ... on level 7 of Cocytus on June 23, 2023.
             The game lasted 13:27:44 (121878 turns).

petzl the Hoplite (Formicid Delver)               Turns: 121878, Time: 13:27:45

HP:   -9/1 (205)    AC: 22    Str: 20      XL:     27
MP:   46/52         EV: 16    Int: 26 (32) God:    Vehumet [******]
Gold: 3913          SH: 28    Dex:  4 (14) Spells: 4/65 levels left

rFire   + + .        a - +6 Majin-Bo {spellvamp, MP+6 Int+6}
rCold   + . .        x - +8 tower shield {AC+3}
rNeg    + . .        d - +5 ring mail {rF+}
rPois   .            (helmet unavailable)
rElec   .            n - scarf {repulsion}
rCorr   +            p - +1 pair of gloves "Xixisorgh" {rN+ rCorr}
SInv    +            T - +3 pair of mountain boots {steadfast, rC+}
Will    ++++.        c - amulet of Twilight {rF+ Regen+}
Stlth   +++++        h - ring of a Thousand Lives {Wiz Int+2}
HPRegen 1.00/turn    e - +5 ring of evasion
MPRegen 0.33/turn

%: repel missiles, wizardry (x1)
@: studying 3 skills, extremely drained, unable to drink
A: permanent stasis, dig shafts and tunnels, antennae 3, four strong arms,
clever 1, strong-willed 2, [inability to read after injury 1]
}: 4/15 runes: barnacled, slimy, silver, gossamer
a: Dig, Shaft Self, Renounce Religion


You were on level 7 of Cocytus.
You worshipped Vehumet.
Vehumet was exalted by your worship.
You visited 15 branches of the dungeon, and saw 63 of its levels.
You also visited: Trove, Bailey, Ice Cave and Wizlab.

You collected 9731 gold pieces.
You spent 5818 gold pieces at shops.

Inventory:

Hand Weapons
 a - the +6 Majin-Bo (weapon) {spellvamp, MP+6 Int+6}
   (You took it off a deep elf demonologist on level 3 of the Elven Halls)

   Int:       It affects your intelligence (+6).
   MP:        It affects your magic capacity (+6).
 b - the +8 longbow "Zephyr" {speed, Dex+3 SInv}
   (You found it on level 4 of the Shoals)

   Dex:       It affects your dexterity (+3).
   SInv:      It lets you see invisible.
 j - the +10 quarterstaff of Ignis's Generosity {elec, *Noise rF+ rC++ rN+}
   (You took it off a deep elf zephyrmancer on level 3 of the Elven Halls)

   rF:        It protects you from fire.
   rC:        It greatly protects you from cold.
   rN:        It protects you from negative energy.
   *Noise:    It may make noises in combat.
 l - the +7 quarterstaff "Dyf Tuek" {spect, Int+4}
   (You took it off a guardian mummy on level 3 of the Crypt)

   Int:       It affects your intelligence (+4).
 U - the +1 arbalest of Ytiku {penet, rPois rCorr Str+4 Stlth-}
   (You took it off a vault sentinel on level 5 of the Vaults)

   Str:       It affects your strength (+4).
   rPois:     It protects you from poison.
   rCorr:     It protects you from acid and corrosion.
   Stlth:     It makes you less stealthy.
Missiles
 Q - 15 curare-tipped darts
 X - 3 throwing nets
Armour
 d - a +5 ring mail of fire resistance (worn)
 n - a scarf of repulsion (worn)
 p - the +1 pair of gloves "Xixisorgh" (worn) {rN+ rCorr}
   (You found it in a treasure trove)

   rN:        It protects you from negative energy.
   rCorr:     It protects you from acid and corrosion.
 x - a +8 tower shield of protection (worn)
 z - the +3 robe of Clouds {*Thunder rCloud rElec}
   (You found it in a treasure trove)

   *Thunder:  It occasionally creates storm clouds above nearby enemies.
   rCloud:    It grants its wearer immunity to clouds.
   rElec:     It insulates you from electricity.
 T - the +3 pair of mountain boots (worn) {steadfast, rC+}
   (You found it on level 8 of the Dungeon)

   Steadfast: It prevents involuntary movement, except for blinking,
   teleportation, or banishment.
   rC:        It protects you from cold.
Jewellery
 c - the amulet of Twilight (around neck) {rF+ Regen+}
   (You found it on level 3 of the Spider Nest)

   [amulet of regeneration]

   rF:        It protects you from fire.
   Regen:     It increases your rate of health regeneration.
 e - a +5 ring of evasion (right hand)
 h - the ring of a Thousand Lives (left hand) {Wiz Int+2}
   (You found it on level 3 of the Spider Nest)

   [ring of wizardry]

   It improves your spell success rate.
   Int:       It affects your intelligence (+2).
 r - the ring of Aryirr {Ice rPois Str+2 Dex-3 Slay+2}
   (You took it off Saint Roka on level 5 of the Vaults)

   [ring of ice]

   It enhances your ice magic.
   Str:       It affects your strength (+2).
   Dex:       It affects your dexterity (-3).
   Slay:      It affects your accuracy & damage with ranged weapons and melee
   (+2).
   rF:        It makes you vulnerable to fire.
   rC:        It protects you from cold.
   rPois:     It protects you from poison.
 S - a ring of poison resistance
Wands
 f - a wand of digging (19)
 B - a wand of mindburst (32)
 I - a wand of polymorph (36)
 M - a wand of roots (26)
 N - a wand of charming (60)
 Y - a wand of acid (55)
Scrolls
 i - 2 scrolls of immolation
 o - 4 scrolls of revelation
 w - 6 scrolls of fog
 A - 8 scrolls of poison
 F - a scroll of butterflies
 G - 8 scrolls of fear
 V - 7 scrolls of silence
Potions
 k - 3 potions of resistance
 m - a potion of might
 q - 4 potions of brilliance
 u - 4 potions of cancellation
 v - 2 potions of heal wounds
 C - 3 potions of ambrosia
 D - 7 potions of lignification
 H - 2 potions of invisibility
 J - a potion of curing
 L - 5 potions of enlightenment
 R - 7 potions of magic
Miscellaneous
 g - a sack of spiders
 t - a phantom mirror
 Z - a tin of tremorstones (2/2)


   Skills:
 + Level 14.4 Fighting
 - Level 2.2(2.8) Maces & Flails
 - Level 2.5(3.0) Staves
 - Level 3.0 Ranged Weapons
 + Level 11.5 Armour
 - Level 10.0 Dodging
 - Level 17.0 Stealth
 - Level 24.0 Shields
 + Level 19.8 Spellcasting
 - Level 19.4 Conjurations
 - Level 10.0 Necromancy
 - Level 10.0 Translocations
 - Level 2.7 Transmutations
 - Level 19.5 Fire Magic
 - Level 20.3 Ice Magic
 - Level 6.0 Air Magic
 - Level 4.6 Earth Magic
 - Level 6.0 Poison Magic
 - Level 3.0 Evocations


You had 4 spell levels left.
You knew the following spells:

 Your Spells              Type           Power      Damage    Failure   Level
a - Stone Arrow           Conj/Erth      100%       3d13      1%          3
b - Iskenderun's Mystic   Conj/Tloc      80%        2d16      1%          4
c - Fireball              Conj/Fire      45%        3d18      1%          5
l - Freezing Cloud        Conj/Ice/Air   40%        6-21      1%          5
n - Fire Storm            Conj/Fire      45%        8d12      13%         9
o - Orb of Destruction    Conj           45%        9d12      1%          7
p - Passage of Golubria   Tloc           67%        N/A       1%          4
u - Sublimation of Blood  Necr           67%        N/A       1%          2
v - Polar Vortex          Ice            46%        N/A       9%          9
E - Conjure Ball Lightni  Conj/Air       37%        3x3d12    1%          6
I - Ignite Poison         Fire/Tmut/Pois 65%        N/A       1%          3
T - Olgreb's Toxic Radia  Pois           54%        N/A       1%          4

Your spell library contained the following spells:

 Spells                   Type           Power      Damage    Failure   Level
 Ignition                 Fire           45%        3d13      1%          8
 Lehudib's Crystal Spear  Conj/Erth      36%        10d9      16%         8
 Maxwell's Capacitive Co  Air            27%        ∞         80%         8
 Foxfire                  Conj/Fire      100%       2x1d9     0%          1
 Freeze                   Ice            100%       1d10      0%          1
 Kiss of Death            Conj/Necr      100%       2d13      0%          1
 Magic Dart               Conj           100%       1d8       0%          1
 Momentum Strike          Conj/Tloc      100%       3d10      0%          2
 Scorch                   Fire           100%       2d9       0%          2
 Searing Ray              Conj           100%       2d8       0%          2
 Volatile Blastmotes      Fire/Tloc      100%       2d18      0%          3
 Flame Wave               Conj/Fire      91%        2d19      0%          4
 Necrotise                Necr           100%       1d9       1%          1
 Sandblast                Erth           100%       2d20      1%          1
 Slow                     Hex            100%       N/A       1%          1
 Sting                    Tmut/Pois      100%       1d8       1%          1
 Cigotuvi's Dreadful Rot  Necr/Pois/Air  100%       N/A       1%          2
 Ensorcelled Hibernation  Hex/Ice        100%       N/A       1%          2
 Lesser Beckoning         Tloc           100%       N/A       1%          2
 Passwall                 Tmut/Erth      37%        N/A       1%          2
 Poisonous Vapours        Pois/Air       100%       N/A       1%          2
 Static Discharge         Conj/Air       100%       2-7/arc   1%          2
 Wereblood                Tmut           39%        N/A       1%          2
 Dazzling Flash           Conj/Hex       100%       N/A       1%          3
 Gell's Gravitas          Tloc           67%        N/A       1%          3
 Inner Flame              Hex/Fire       66%        N/A       1%          3
 Mephitic Cloud           Conj/Pois/Air  69%        N/A       1%          3
 Portal Projectile        Hex/Tloc       100%       N/A       1%          3
 Spider Form              Tmut/Pois      48%        N/A       1%          3
 Teleport Other           Tloc           67%        N/A       1%          3
 Vampiric Draining        Necr           67%        2d10      1%          3
 Airstrike                Air            27%        2d(4-20)  1%          4
 Anguish                  Hex/Necr       25%        N/A       1%          4
 Dispel Undead            Necr           67%        3d23      1%          4
 Fulminant Prism          Conj/Hex       33%        3d15      1%          4
 Ice Form                 Ice/Tmut       72%        N/A       1%          4
 Manifold Assault         Tloc           67%        N/A       1%          4
 Summon Ice Beast         Ice/Summ       68%        N/A       1%          4
 Petrify                  Tmut/Erth      45%        N/A       2%          4
 Confusing Touch          Hex            25%        N/A       4%          3
 Tukima's Dance           Hex            25%        N/A       4%          3
 Leda's Liquefaction      Hex/Erth       18%        N/A       4%          4
 Summon Lightning Spire   Summ/Air       41%        N/A       4%          4
 Cause Fear               Hex            12%        N/A       13%         4
 Agony                    Necr           67%        N/A       1%          5
 Arcjolt                  Conj/Air       37%        1d47      1%          5
 Irradiate                Conj/Tmut      35%        3d23      1%          5
 Iskenderun's Battlesphe  Conj           91%        2d14      1%          5
 Leda's Unmaking          Conj/Erth      36%        9d6       1%          6
 Plasma Beam              Fire/Air       37%        2x1d51    1%          6
 Simulacrum               Ice/Necr       40%        N/A       1%          6
 Starburst                Conj/Fire      45%        6d13      1%          6
 Ozocubu's Refrigeration  Ice            46%        4d17      1%          7
 Death Channel            Necr           33%        N/A       3%          6
 Dispersal                Tloc           33%        N/A       3%          6
 Summon Forest            Summ/Tloc      25%        N/A       4%          5
 Yara's Violent Unravell  Hex/Tmut       16%        3d8       6%          5
 Spellforged Servitor     Conj/Summ      33%        N/A       6%          7
 Eringya's Noxious Bog    Tmut/Pois      24%        N/A       10%         6
 Silence                  Hex/Air        20%        N/A       11%         5
 Blade Hands              Tmut           19%        N/A       12%         5
 Summon Mana Viper        Hex/Summ       25%        N/A       32%         5
 Statue Form              Tmut/Erth      30%        N/A       38%         6
 Haunt                    Necr/Summ      25%        N/A       77%         7
 Chain Lightning          Conj/Air       37%        3d50      80%         9
 Summon Cactus Giant      Summ           12%        N/A       86%         6
 Storm Form               Tmut/Air       24%        N/A       86%         7
 Dragon Form              Tmut           19%        N/A       97%         7
 Enfeeble                 Hex            12%        N/A       100%        7
 Monstrous Menagerie      Summ           12%        N/A       100%        7
 Summon Hydra             Summ           12%        N/A       100%        7
 Dragon's Call            Summ           12%        N/A       100%        9
 Shatter                  Erth           25%        3d21*     100%        9
 Blink                    Tloc           Unusable   N/A       N/A         2
 Swiftness                Air            Unusable   N/A       N/A         3
 Vhi's Electric Charge    Tloc/Air       Unusable   N/A       N/A         3

Dungeon Overview and Level Annotations

Branches:
Dungeon (15/15)            Temple (1/1) D:5            Lair (5/5) D:9
 Shoals (4/4) Lair:2       Spider (4/4) Lair:3        Slime (5/5) Lair:4
    Orc (2/2) D:11            Elf (3/3) Orc:2        Vaults (5/5) D:14
  Crypt (3/3) Vaults:3       Tomb (1/3) Crypt:3      Depths (4/4) D:15
   Hell (visited)             Dis (0/7) Hell            Geh (0/7) Hell
    Coc (7/7) Hell            Tar (0/7) Hell            Zot (3/5) Depths:4
 Bailey (visited)           IceCv (visited)          WizLab (visited)

Altars:
Ashenzari
Cheibriados
Dithmenos
Elyvilon
Fedhas
Gozag
Hepliaklqana
Kikubaaqudgha
Makhleb
Nemelex Xobeh
Okawaru
Qazlal
Ru
Sif Muna
Trog
Uskayaw
Vehumet
Wu Jian
Xom
Yredelemnul
Zin
The Shining One
Jiyva

Shops:
D:5 ***   D:10 (   Orc:2 :*[(   Elf:2 !   Shoals:3 (   Depths:1 :   Depths:2 *
Depths:4 [(

Portals:
Hell: Depths:1 Depths:2 Depths:3 Depths:4
Abyss: Depths:2 Depths:3
Pandemonium: Depths:2
Ziggurat: Depths:4

Annotations:
Vaults:5 !L5
Depths:1 exclusion: downstairs
Depths:2 3 transporters


Innate Abilities, Weirdness & Mutations

You cannot be hasted, slowed, berserked, paralysed or teleported.
You can dig through walls and to a lower floor.
You have a pair of large antennae on your head. (SInv)
Your four strong arms can wield two-handed weapons with a shield.
Your mind is acute. (Int +4, Str/Dex -1)
You are highly strong-willed. (Will++)
[You occasionally lose the ability to read scrolls when taking damage.]


Message History

Unknown command.
Unknown command.
Casting: Fire Storm (astonishingly dangerous; 13% risk of failure)
Confirm with . or Enter, or press ? or * to list all spells.
The spell is astonishingly dangerous to miscast (13% risk of failure)!
Continue anyway?
Aiming: Fire Storm (astonishingly dangerous; 13% risk of failure)
Press: ? - help, Dir - move target, f - Ice Fiend
Aim: an Ice Fiend A raging storm of fire appears!
The great blast of fire engulfs the Ice Fiend!!!
The Ice Fiend is burned terribly!
The Ice Fiend is severely wounded.
The Ice Fiend is engulfed in blazing flames.
Unknown command.
Unknown command.
Unknown command.
Casting: Fire Storm (astonishingly dangerous; 13% risk of failure)
Confirm with . or Enter, or press ? or * to list all spells.
The spell is astonishingly dangerous to miscast (13% risk of failure)!
Continue anyway?
Okay, then.
Unknown command.
Casting: Fire Storm (astonishingly dangerous; 13% risk of failure)
Confirm with . or Enter, or press ? or * to list all spells.
Aiming: Fireball (safe; 1% risk of failure)
Press: ? - help, Shift-Dir - straight line, f/p - Ice Fiend
Aim: an Ice Fiend (flame, almost dead)
The fireball explodes!
The fireball engulfs the Ice Fiend!!!
The Ice Fiend is burned terribly!
You kill the Ice Fiend!
Vehumet accepts your kill.
You feel your power returning. The fireball engulfs your fire vortex.
Your fire vortex completely resists.
You hear a screech!
The Ice Fiend calls on the powers of darkness!
You feel a surge of unholy energy.
The wendigo fires a burst of electricity at you.
The stunning burst hits you!
Your stasis prevents you from being paralysed.
Ouch! That really hurt!
You die...

1E§E§≈≈≈≈≈≈≈≈≈≈
≈≈≈≈≈≈≈≈≈≈≈≈≈≈≈
≈≈≈≈≈≈≈≈≈≈≈≈≈≈≈
≈≈§≈≈≈§§≈≈≈≈≈≈≈ §
§§§§≈≈≈§§≈≈≈≈≈≈ §≈
≈§§§§.○○○~..≈≈≈
≈§§§§..v.○°○§....≈
§≈~§ ###☼### ~§~.○
##..☼v.##
§≈≈...#.......#..~
≈≈§..1'...@...R.E~
≈≈§...#.......#~.~
≈≈§○§ ##.....##
≈≈E≈ ###+### ≈≈§ {
≈≈ ≈


You could see an Ice Fiend, a wendigo, an elemental wellspring and a friendly
fire vortex.

Vanquished Creatures
  the Royal Jelly (Slime:5)
  Mennas (Tomb:1)
  3 royal mummies (Tomb:1)
  Saint Roka (Vaults:5)
  Margery (Vaults:5)
  Bai Suzhen (Vaults:4)
  Frederick (Crypt:1)
  16 shard shrikes
  Geryon (Hell)
  Jory (Vaults:4)
  A bone dragon (Depths:1)
  3 golden dragons
  Arachne (Spider:2)
  2 tentacled monstrosities (Vaults:5)
  11 Ice Fiends
  8 liches
  7 titans
  3 deep elf blademasters
  4 quicksilver dragons
  The ghost of Xof Pepn the Bludgeoner, an adept MiBe of Trog (Spider:3)
  22 acid blobs
  2 deep elf master archers (Elf:3)
  9 ancient champions
  11 sphinxes
  A kraken (Shoals:2)
  3 storm dragons
  3 tengu reavers
  15 rockslimes
  3 draconian monks
  3 revenants
  Roxanne (Spider:2)
  7 narguns
  5 shadow dragons (Vaults:5)
  A draconian knight (Zot:1)
  7 fire giants
  4 iron dragons
  3 emperor scorpions
  12 vault wardens
  A draconian scorcher (Zot:2)
  22 azure jellies
  5 deep elf sorcerers
  6 ghost moths
  Louise (Depths:2)
  A balrug (Depths:1)
  6 frost giants
  A draconian shifter (Depths:4)
  2 draconian annihilators (Zot:1)
  6 shard shrike simulacra
  A draconian stormcaller (Zot:2)
  2 caustic shrike skeletons
  3 deep elf elementalists (Elf:3)
  7 ghouls
  3 orc warlords
  7 reapers
  19 very ugly things
  7 curse skulls
  18 quicksilver oozes
  13 ironbound preservers
  8 ironbound thunderhulks
  8 war gargoyles
  7 formless jellyfish
  A green draconian (Zot:2)
  12 stone giants
  8 vampire knights
  37 elemental wellsprings
  2 grey draconians (Depths:4)
  2 bennus (Tomb:1)
  A minotaur (shapeshifter) (Vaults:2)
  5 yellow draconians
  10 dire elephants
  10 spark wasps
  9 deep elf demonologists
  10 wendigos
  12 deep elf annihilators
  2 black draconians (Depths:4)
  8 merfolk impalers
  3 white draconians
  5 deep elf death magi
  2 eidola
  A purple draconian (Zot:2)
  7 ettins
  2 merfolk javelineers
  A blizzard demon (Hell)
  A crystal guardian (Vaults:3)
  5 fire dragons
  7 mummy priests
  14 great orbs of eyes
  13 yaktaur captains
  6 entropy weavers
  11 jiangshi
  2 deep elf high priests
  5 ice dragons
  3 rakshasas
  6 hydras
  2 ogre magi
  13 caustic shrike simulacra
  5 ironbound frosthearts
  2 peacekeepers
  2 spriggan air magi
  3 hell beasts
  An anaconda (Lair:5)
  27 vault guards (Vaults:5)
  21 centaur warriors
  8 juggernaut simulacra
  2 death knights
  A fenstrider witch skeleton (Crypt:2)
  8 merfolk avatars
  7 boulder beetles
  3 catoblepae
  2 deep troll shamans
  5 two-headed ogres
  4 jorogumos (Spider:4)
  5 radroaches
  6 merfolk aquamancers
  4 spriggan skeletons (Depths:3)
  Erica (Lair:2)
  25 dancing weapons
  A satyr (Shoals:4)
  A hell hog (Hell)
  7 orc high priests
  12 demonic crawlers
  A death scarab (Spider:3)
  3 deep troll earth magi (Vaults:5)
  9 death yaks
  A quicksilver ooze zombie (Crypt:1)
  8 spriggan berserkers
  5 soul eaters
  5 tengu warriors
  18 deep elf knights
  13 hell knights
  A titan skeleton (Depths:3)
  5 iron trolls
  11 sun demons
  3 skysharks
  40 skeletal warriors
  2 sun moths
  21 deep trolls
  5 pharaoh ants
  5 shadow wraiths
  9 quicksilver dragon simulacra
  14 orb spiders
  13 deep elf archers
  17 flayed ghosts
  19 sea snakes
  5 kraken simulacra (Coc:3)
  35 harpies
  5 lindwurms
  5 orc knights
  7 necromancers
  A sphinx zombie (Crypt:1)
  4 bog bodies
  10 shining eyes
  6 steelbarb worms
  A harpy (shapeshifter) (D:14)
  33 deep elf zephyrmancers
  21 ironbound convokers
  4 golden dragon skeletons (Depths:3)
  An iron giant skeleton (Crypt:3)
  A broodmother zombie (Crypt:1)
  6 wizards
  44 deep elf pyromancers
  19 phantasmal warriors
  3 tengu skeletons (Depths:3)
  37 ugly things
  11 manticores
  20 wolf spiders
  6 cyclopes
  An oklob plant (Lair:2)
  3 shadow dragon skeletons (Depths:3)
  14 elephants
  3 fauns
  An eleionoma zombie (Crypt:1)
  6 black mambas
  An iron dragon skeleton (Depths:3)
  5 orc sorcerers
  2 ice statues (IceCv)
  4 moths of wrath
  4 merfolk sirens
  2 frost giant skeletons (Depths:3)
  A fire giant skeleton (Depths:3)
  7 torpor snails
  3 water nymphs
  12 smoke demons
  8 rust devils
  16 cane toads
  22 vault sentinels
  2 eyes of devastation
  5 molten gargoyles (Hell)
  A cane toad (shapeshifter) (Elf:2)
  5 gargoyles
  A naga skeleton (Crypt:3)
  10 titan simulacra
  A storm dragon simulacrum (Coc:1)
  2 human zombies
  7 unseen horrors
  14 freezing wraiths
  14 yaktaurs
  4 tormentors (Coc:4)
  16 guardian mummies
  3 hellions
  11 anaconda simulacra
  A black draconian skeleton (Crypt:2)
  A rime drake (Lair:4)
  3 komodo dragons
  6 tengu conjurers
  2 golden dragon simulacra
  6 ice devils (IceCv)
  6 red devils (Crypt:3)
  An iron troll zombie (Crypt:2)
  2 harpy zombies (Crypt:1)
  3 tyrant leeches (Lair:5)
  7 wind drakes
  8 trolls
  A troll (shapeshifter) (Depths:4)
  15 merfolk
  A tengu simulacrum (Coc:1)
  2 harpy skeletons
  A blink frog (shapeshifter) (D:15)
  A tarantella (shapeshifter) (Elf:2)
  12 hornets
  18 tarantellas
  11 snapping turtles
  3 stone giant simulacra
  4 dream sheep (Shoals:2)
  14 blink frogs
  2 iron dragon simulacra
  139 slime creatures
  26 flying skulls
  19 culicivoras
  An air elemental (Elf:2)
  9 spriggans
  Sigmund (D:4)
  6 vampires
  30 jumping spiders
  13 dire elephant simulacra
  3 shadows
  13 wraiths
  2 ushabtiu (Tomb:1)
  10 wyverns
  31 water elementals
  A fire elemental (Elf:2)
  26 yaks
  15 golden eyes
  2 basilisks
  A tyrant leech zombie (Crypt:2)
  An alligator snapping turtle simulacrum (Coc:2)
  A golden eye (shapeshifter) (Vaults:5)
  4 large abominations (Depths:3)
  5 chaos spawn (Depths:3)
  A steam dragon (D:8)
  2 elf skeletons
  A wind drake skeleton (Crypt:1)
  62 redbacks
  A naga zombie (Crypt:1)
  5 vampire mosquitoes
  23 harpy simulacra
  A warg (Orc:1)
  5 two-headed ogre zombies (WizLab)
  5 acid dragons
  18 water moccasins
  A faun zombie (Crypt:2)
  2 glowing shapeshifter skeletons (Depths:3)
  8 hydra simulacra
  3 human skeletons
  A merfolk skeleton (Crypt:2)
  3 ice beasts
  A black bear (Lair:3)
  47 orc warriors
  7 ettin simulacra
  5 ogres
  14 centaurs
  A merfolk simulacrum (Coc:2)
  14 wolves
  2 phantoms
  2 kobold brigands
  A yaktaur zombie (Crypt:2)
  15 bullfrogs
  2 earth elementals
  3 necrophages
  7 naga simulacra
  A gnoll sergeant (D:11)
  A scorpion (D:5)
  A glowing shapeshifter simulacrum (Vaults:3)
  6 wights
  9 killer bees
  9 troll zombies (WizLab)
  A shapeshifter skeleton (Crypt:1)
  5 electric eels
  7 howler monkeys
  2 small abominations (Depths:3)
  22 orc priests
  3 jellies
  5 hounds
  Crazy Yiuf (D:4)
  A basilisk skeleton (Crypt:1)
  Jessica (D:2)
  3 iguanas
  Terence (D:2)
  8 hell rats
  32 orc wizards
  An iguana (shapeshifter) (Vaults:5)
  A polar bear simulacrum (IceCv)
  6 spriggan simulacra
  2 troll simulacra (IceCv)
  5 ogre zombies (WizLab)
  3 human simulacra
  31 mummies
  Robin (D:2)
  15 gnolls
  12 adders
  4 river rats
  A steam dragon zombie (Crypt:2)
  A shadow imp (D:7)
  14 white imps
  2 worm zombies
  2 worms
  3 dart slugs
  84 orcs
  6 ball pythons
  8 bats
  4 endoplasms
  4 giant cockroaches
  8 goblins
  9 hobgoblins
  10 jackals
  17 kobolds
  3 quokkas
  2 frilled lizards (D:2)
  A jackal zombie (Crypt:2)
  18 rats
  A river rat skeleton (Crypt:1)
  30 fire vortices
  6 tentacles
2646 creatures vanquished.

Vanquished Creatures (collateral kills)
  A tentacled monstrosity (Zot:2)
  7 acid blobs
  A death cob (Zot:1)
  An ancient champion (Crypt:2)
  2 tengu reavers (Vaults:5)
  A shadow dragon (Vaults:5)
  A rockslime (Slime:5)
  2 azure jellies (Slime:2)
  A nargun (Coc:5)
  An emperor scorpion (Spider:4)
  A ghost moth (Spider:4)
  2 vault wardens
  3 ghouls
  2 very ugly things
  A quicksilver ooze (Slime:4)
  A stone giant (Vaults:5)
  An elemental wellspring (Coc:5)
  An ettin (Depths:2)
  A great orb of eyes (Slime:2)
  2 yaktaur captains (Vaults:5)
  An ice dragon (Depths:1)
  A tengu warrior (Depths:1)
  A deep troll shaman (Depths:4)
  A two-headed ogre (Vaults:5)
  A hell knight (Vaults:5)
  An iron troll (Vaults:5)
  4 skeletal warriors
  A deep troll (Vaults:5)
  A sun moth (Spider:4)
  A quicksilver dragon simulacrum (Coc:2)
  A flayed ghost (Depths:4)
  A kraken simulacrum (Coc:3)
  A phantasmal warrior (Crypt:3)
  A shadow dragon skeleton (Depths:3)
  A wolf spider (Spider:2)
  A fire giant skeleton (Depths:3)
  A titan simulacrum (Hell)
  A smoke demon (Hell)
  A torpor snail (Spider:4)
  A tormentor (Coc:3)
  An iron giant simulacrum (Coc:2)
  2 tarantellas (Spider:4)
  An iron dragon simulacrum (Coc:4)
  A guardian serpent zombie (Crypt:2)
  A culicivora (Spider:4)
  4 slime creatures (Slime:5)
  A jumping spider (Spider:3)
  A water elemental (Depths:4)
  A small abomination (Depths:3)
  A redback (Spider:4)
  2 harpy simulacra (Coc:7)
  An ogre (D:6)
  A phantom (D:6)
  A naga simulacrum (Hell)
  A mummy (Tomb:1)
  An adder (D:6)
  A white imp (D:6)
  3 orcs
  3 ball lightnings
84 creatures vanquished.

Vanquished Creatures (others)
  A shard shrike simulacrum (Coc:2)
  A caustic shrike simulacrum (Coc:4)
  Pikel (D:6)
  A harpy (Shoals:1)
  A jelly (D:6)
  An orc (Elf:1)
  A kobold (D:6)
  94 ball lightnings
  712 fire vortices
  10 tentacles
823 creatures vanquished.

Grand Total: 3553 creatures vanquished

Notes
Turn   | Place    | Note
-------+----------+-------------------------------------------
     0 | D:5      | petzl the Formicid Delver began the quest for the Orb.
     0 | D:5      | Reached XP level 1. HP: 18/18 MP: 1/1
     1 | D:5      | Noticed an orc priest
     1 | D:5      | Noticed an orc wizard
    13 | D:6      | Noticed a lemure
    32 | D:5      | Noticed an ogre
    43 | D:5      | Found a staircase to the Ecumenical Temple.
    56 | Temple   | Entered the Ecumenical Temple
   221 | D:5      | Noticed a hound
   313 | D:6      | Noticed an iguana
   456 | D:5      | Reached XP level 2. HP: 9/24 MP: 2/2
   524 | D:5      | Noticed a phantom
   530 | D:5      | Found Jado's General Store.
   533 | D:5      | Found Plog's Specific Store.
   679 | D:4      | Reached skill level 1 in Spellcasting
   679 | D:4      | Reached XP level 3. HP: 12/29 MP: 2/5
   971 | D:4      | Noticed Sigmund
  1029 | D:4      | Reached XP level 4. HP: 26/35 MP: 5/8
  1067 | D:3      | Found a radiant altar of Vehumet.
  1072 | D:3      | Became a worshipper of Vehumet
  1287 | D:4      | Reached XP level 5. HP: 39/41 MP: 9/11
  1372 | D:3      | Noticed Robin
  1390 | D:3      | You fall into a shaft and drop 1 floor!
  1477 | D:3      | Found a burning altar of Makhleb.
  1489 | D:3      | Identified the staff of air "Etimev" {rElec rC+ rCorr}
  1589 | D:2      | You fall into a shaft and drop 2 floors!
  1760 | D:4      | Reached * piety under Vehumet
  1760 | D:4      | Offered knowledge of Kiss of Death by Vehumet.
  1763 | D:4      | Learned a level 1 spell: Kiss of Death
  1917 | D:5      | Bought 2 potions of curing for 78 gold pieces
  1917 | D:5      | Bought a scroll of identify for 26 gold pieces
  2185 | D:2      | Noticed Jessica
  2188 | D:2      | Killed Jessica
  2189 | D:2      | Reached XP level 6. HP: 43/45 MP: 12/12
  2350 | D:2      | Reached skill level 1 in Conjurations
  3098 | D:2      | Reached skill level 1 in Evocations
  3142 | D:2      | Noticed Terence
  3157 | D:2      | You fall into a shaft and drop 2 floors!
  3327 | D:4      | Reached ** piety under Vehumet
  3327 | D:4      | Offered knowledge of Static Discharge by Vehumet.
  3334 | D:5      | Found Tishurghu's Fire Supplies.
  3390 | D:4      | Found an ancient bone altar of Kikubaaqudgha.
  4044 | D:2      | Killed Robin
  4486 | D:4      | Found a runed translucent door.
  4487 | D:4      | Noticed Crazy Yiuf
  4498 | D:4      | Killed Crazy Yiuf
  4518 | D:4      | Identified a scroll of acquirement
  4732 | D:5      | Reached XP level 7. HP: 54/54 MP: 14/14
  4988 | D:5      | Reached skill level 1 in Shields
  5310 | D:5      | Reached skill level 5 in Spellcasting
  5417 | D:5      | Reached skill level 1 in Staves
  5417 | D:5      | Reached skill level 1 in Armour
  5593 | D:6      | Noticed Pikel
  5637 | D:6      | Noticed a water moccasin
  5642 | D:6      | Reached skill level 2 in Shields
  5642 | D:6      | Reached XP level 8. HP: 40/61 MP: 15/15
  5657 | D:6      | Your ally Pikel died
  6138 | D:6      | Offered knowledge of Volatile Blastmotes by Vehumet.
  6227 | D:6      | Reached skill level 3 in Shields
  6426 | D:6      | Reached skill level 5 in Fighting
  6426 | D:6      | Reached XP level 9. HP: 61/68 MP: 17/17
  6902 | D:5      | Acquired 861 gold pieces
  6904 | D:5      | Bought a book of Spectacle for 520 gold pieces
  6909 | D:5      | Learned a level 4 spell: Iskenderun's Mystic Blast
  7054 | D:7      | Found a white marble altar of Elyvilon.
  7151 | D:7      | Reached skill level 1 in Translocations
  7757 | D:8      | Learned a level 3 spell: Ignite Poison
  7763 | D:8      | Learned a level 5 spell: Freezing Cloud
  7808 | D:8      | Reached *** piety under Vehumet
  7932 | D:8      | Reached skill level 5 in Conjurations
  8064 | D:8      | You fall into a shaft and drop 1 floor!
  8123 | D:9      | You fall into a shaft and drop 2 floors!
  8151 | D:11     | Noticed a troll
  8194 | D:11     | Noticed a two-headed ogre
  8245 | D:12     | Noticed an unseen horror
  8259 | D:12     | Killed an unseen horror
  8638 | D:13     | Noticed an unseen horror
  8654 | D:14     | Noticed a harpy
  8659 | D:13     | Noticed an unseen horror
  8795 | D:10     | Entered Level 10 of the Dungeon
  8795 | D:10     | Found a shimmering altar of Xom.
  8796 | D:10     | Found Baoczusa's Antique Weapon Emporium.
  8938 | D:9      | Reached skill level 1 in Ice Magic
  9053 | D:10     | Reached skill level 1 in Air Magic
  9053 | D:10     | Reached XP level 10. HP: 59/76 MP: 15/19
  9066 | D:10     | Offered knowledge of Olgreb's Toxic Radiance by Vehumet.
  9072 | D:10     | Learned a level 4 spell: Olgreb's Toxic Radiance
  9118 | D:10     | Found a flagged portal.
  9151 | Bailey   | Entered a bailey
  9671 | D:10     | You fall into a shaft and drop 1 floor!
  9855 | D:9      | You fall into a shaft and drop 3 floors!
 10402 | D:8      | Reached **** piety under Vehumet
 10444 | D:8      | Found the +3 pair of mountain boots {steadfast, rC+}
 10471 | D:8      | Found a sparkling altar of Nemelex Xobeh.
 10909 | D:9      | Noticed a death yak
 11034 | D:9      | Offered knowledge of Airstrike by Vehumet.
 11039 | D:9      | Found a staircase to the Lair.
 11042 | D:9      | Noticed a death yak
 11043 | D:9      | Noticed a death yak
 11045 | D:9      | Killed a death yak
 11306 | D:9      | Killed a death yak
 11307 | D:9      | Reached XP level 11. HP: 65/83 MP: 10/21
 11738 | D:9      | Noticed a red ugly thing
 11744 | D:9      | Killed a red ugly thing
 11745 | D:9      | Reached skill level 5 in Ice Magic
 11878 | D:9      | Killed a death yak
 12216 | D:9      | Learned a level 3 spell: Stone Arrow
 12796 | D:10     | Found a sacrificial altar of Ru.
 13485 | D:10     | Found an ornate altar of the Wu Jian Council.
 13972 | D:10     | Reached skill level 5 in Translocations
 14365 | D:11     | Noticed a two-headed ogre
 14370 | D:11     | Killed a two-headed ogre
 14440 | D:11     | Killed a two-headed ogre
 14728 | D:11     | Found a staircase to the Orcish Mines.
 14919 | D:11     | Reached XP level 12. HP: 60/91 MP: 8/23
 16109 | D:13     | Found a shimmering blue altar of Sif Muna.
 16112 | D:13     | Gained mutation: Your flesh is heat resistant. (rF+)
                  | [potion of mutation]
 16112 | D:13     | Lost mutation: Your flesh is heat resistant. (rF+) [potion
                  | of mutation]
 16112 | D:13     | Gained mutation: Your flesh is cold resistant. (rC+)
                  | [potion of mutation]
 16356 | D:13     | Noticed a catoblepas
 16398 | D:13     | Killed a catoblepas
 16637 | D:13     | Noticed a five-headed hydra
 16656 | D:13     | Killed a five-headed hydra
 16849 | D:13     | Noticed a centaur warrior
 16854 | D:13     | Killed a centaur warrior
 16862 | D:13     | Reached ***** piety under Vehumet
 16865 | D:13     | Noticed a six-headed hydra
 17028 | D:13     | Killed a six-headed hydra
 17123 | D:13     | Offered knowledge of Fireball by Vehumet.
 17130 | D:13     | Learned a level 5 spell: Fireball
 17145 | D:13     | Identified the staff of conjuration "Vaestrene" {Will++
                  | Int+3}
 17354 | D:15     | Entered Level 15 of the Dungeon
 17424 | D:14     | Noticed a catoblepas
 17480 | D:14     | Reached XP level 13. HP: 99/99 MP: 9/25
 18004 | D:14     | Killed a catoblepas
 18221 | Orc:1    | Entered Level 1 of the Orcish Mines
 18379 | Orc:1    | Reached skill level 4 in Shields
 19124 | Orc:1    | Reached skill level 5 in Air Magic
 19124 | Orc:1    | Reached skill level 1 in Earth Magic
 19638 | Orc:1    | Noticed an orc warlord
 19702 | Orc:1    | Killed an orc warlord
 20375 | Orc:1    | Offered knowledge of Yara's Violent Unravelling by Vehumet.
 20430 | Orc:2    | Entered Level 2 of the Orcish Mines
 21440 | Orc:2    | Reached skill level 5 in Shields
 21608 | Orc:2    | Reached XP level 14. HP: 108/108 MP: 18/27
 22276 | Orc:2    | Noticed an orc warlord
 22285 | Orc:2    | Killed an orc warlord
 22525 | Orc:2    | Found a staircase to the Elven Halls.
 22756 | Orc:2    | Found Limpumum's Antique Armour Shoppe.
 22757 | Orc:2    | Found Plog's Antique Weapon Emporium.
 22759 | Orc:2    | Found Seduudo's General Store.
 22759 | Orc:2    | Found Kurow's Book Shoppe.
 22765 | Orc:2    | Reached skill level 5 in Armour
 22765 | Orc:2    | Reached skill level 10 in Conjurations
 22854 | Orc:2    | Bought a potion of heal wounds for 55 gold pieces
 22864 | Orc:2    | Bought a pair of runed gloves for 195 gold pieces
 22864 | Orc:2    | Bought a heavily runed ring mail for 234 gold pieces
 22864 | Orc:2    | Identified the +2 ring mail of Love and Death {-Cast rElec
                  | rPois rF+} (You bought it in a shop on level 2 of the
                  | Orcish Mines)
 23316 | D:2      | Killed Terence
 23511 | D:4      | Killed Sigmund
 23758 | Lair:1   | Entered Level 1 of the Lair of Beasts
 23940 | Lair:1   | Reached skill level 10 in Spellcasting
 24391 | Lair:1   | Reached skill level 1 in Ranged Weapons
 24535 | Lair:1   | Reached skill level 1 in Transmutations
 24824 | Lair:2   | Found a staircase to the Shoals.
 24834 | Lair:1   | Noticed Erica
 24845 | Lair:2   | Killed Erica
 24846 | Lair:2   | Reached skill level 6 in Shields
 24952 | Lair:1   | Offered knowledge of Plasma Beam by Vehumet.
 24960 | Lair:1   | Learned a level 6 spell: Plasma Beam
 26708 | Lair:2   | Learned a level 2 spell: Sublimation of Blood
 26737 | Lair:2   | Reached XP level 15. HP: 115/115 MP: 18/29
 27483 | Lair:5   | Entered Level 5 of the Lair of Beasts
 27501 | Lair:5   | Reached skill level 10 in Fighting
 27501 | Lair:5   | Reached skill level 1 in Necromancy
 27537 | Lair:5   | Reached skill level 1 in Fire Magic
 27701 | Lair:5   | Found a frozen archway.
 27913 | IceCv    | Entered an ice cave
 28102 | IceCv    | Offered knowledge of Conjure Ball Lightning by Vehumet.
 29259 | IceCv    | Learned a level 6 spell: Conjure Ball Lightning
 30284 | IceCv    | Noticed a reaper
 30293 | IceCv    | Killed a reaper
 30745 | Lair:3   | Found a bloodstained altar of Trog.
 31162 | Lair:3   | Found a hole to the Spider Nest.
 31200 | Spider:1 | Entered Level 1 of the Spider Nest
 31648 | Lair:4   | Found a snail-covered altar of Cheibriados.
 31670 | Lair:4   | Found a viscous altar of Jiyva.
 31670 | Lair:4   | Found a staircase to the Slime Pits.
 31717 | Slime:1  | Entered Level 1 of the Pits of Slime
 31717 | Slime:1  | Noticed an acid blob
 32357 | Lair:5   | Found a runed translucent door.
 33374 | Lair:5   | Learned a level 4 spell: Olgreb's Toxic Radiance
 33696 | Lair:5   | Reached XP level 16. HP: 122/122 MP: 22/33
 34757 | Shoals:1 | Entered Level 1 of the Shoals
 34974 | Shoals:1 | Reached ****** piety under Vehumet
 34976 | Shoals:1 | Offered knowledge of Lee's Rapid Deconstruction by Vehumet.
 34986 | Shoals:1 | You fall into a shaft and drop 1 floor!
 35002 | Shoals:2 | HP: 6/122 [merfolk javelineer/javelin (15)]
 35003 | Shoals:2 | You fall into a shaft and drop 1 floor!
 35017 | Shoals:3 | Found Waiginlu's Weapon Emporium.
 35234 | Shoals:2 | Reached skill level 15 in Spellcasting
 35768 | Shoals:3 | Reached skill level 5 in Necromancy
 36026 | Shoals:4 | Entered Level 4 of the Shoals
 36390 | Shoals:3 | Identified the +3 lajatang of Ixkueh {flame, *Rage Will++
                  | Int+3}
 36924 | Shoals:2 | Noticed a kraken
 37494 | Shoals:2 | Reached XP level 17. HP: 128/128 MP: 22/37
 38791 | Spider:1 | Reached skill level 7 in Shields
 39152 | Elf:1    | Entered Level 1 of the Elven Halls
 39341 | Elf:1    | Found a radiant altar of Vehumet.
 39818 | Elf:1    | Offered knowledge of Irradiate by Vehumet.
 40228 | Elf:3    | Entered Level 3 of the Elven Halls
 40277 | Elf:3    | Reached skill level 8 in Shields
 40372 | Elf:3    | Noticed a deep elf master archer
 42339 | Elf:1    | Got Vehumet's Compendium of Bolts
 42344 | Elf:1    | Learned a level 3 spell: Mephitic Cloud
 42744 | Elf:2    | Got the Precepts of the Frigorific Dragon
 42912 | Elf:2    | Reached XP level 18. HP: 99/136 MP: 22/38
 43033 | Elf:2    | Found Caudghogo's Distillery.
 43041 | Elf:2    | Bought a potion of mutation for 104 gold pieces
 43041 | Elf:2    | Bought a potion of heal wounds for 65 gold pieces
 43041 | Elf:2    | Bought a potion of invisibility for 104 gold pieces
 43041 | Elf:2    | Bought a potion of curing for 39 gold pieces
 43041 | Elf:2    | Bought a potion of mutation for 104 gold pieces
 43041 | Elf:2    | Bought a potion of magic for 104 gold pieces
 43041 | Elf:2    | Bought 3 potions of curing for 117 gold pieces
 43041 | Elf:2    | Bought a potion of cancellation for 104 gold pieces
 43365 | Elf:2    | Reached skill level 9 in Shields
 43828 | Elf:3    | Offered knowledge of Ignition by Vehumet.
 43939 | Elf:3    | Identified the ring of the Death Scarab {MP+9 Str+4}
 44087 | Elf:2    | Reached skill level 10 in Necromancy
 44341 | Elf:2    | Found a runed translucent gate.
 44341 | Elf:2    | Found a runed translucent gate.
 44344 | Elf:2    | Found a runed translucent gate.
 44822 | Elf:3    | Identified the +10 quarterstaff of Ignis's Generosity
                  | {elec, *Noise rF+ rC++ rN+}
 44932 | Elf:3    | Noticed a Brimstone Fiend
 44953 | Elf:3    | Noticed a deep elf blademaster
 44966 | Elf:3    | Killed a deep elf blademaster
 45392 | Elf:3    | Identified the +0 dagger of the Silent Majority {freeze,
                  | Stlth+}
 45459 | Elf:3    | Reached skill level 10 in Shields
 45661 | Elf:3    | Noticed a deep elf blademaster
 45889 | Elf:3    | Killed a deep elf blademaster
 46173 | Elf:3    | Identified the +4 plate armour of the Volcano {rCorr Dex+3}
 46173 | Elf:3    | Noticed a deep elf master archer
 46245 | Elf:3    | Killed a deep elf master archer
 46745 | Elf:3    | Identified the +1 chain mail of the Serpent {rPois rC+ rN+
                  | SInv}
 46750 | Elf:3    | Killed a deep elf master archer
 47044 | Elf:3    | Identified the +1 pair of boots "Ofuixkups" {rCorr Int+3}
 47056 | Elf:3    | Reached skill level 11 in Shields
 47311 | Elf:3    | Reached XP level 19. HP: 146/146 MP: 33/40
 48050 | Elf:2    | Reached skill level 5 in Fire Magic
 48288 | Elf:2    | Noticed a deep elf blademaster
 48295 | Elf:2    | You fall into a shaft and drop 1 floor!
 48698 | Elf:2    | Killed a deep elf blademaster
 49866 | D:14     | Found a gate to the Vaults.
 50586 | D:15     | Offered knowledge of Lehudib's Crystal Spear by Vehumet.
 50586 | D:15     | Offered knowledge of Ignition by Vehumet.
 50586 | D:15     | Offered knowledge of Maxwell's Capacitive Coupling by
                  | Vehumet.
 50882 | D:15     | Found a staircase to the Depths.
 51049 | Depths:1 | Entered Level 1 of the Depths
 51280 | D:15     | Identified the +0 leather armour of Defence {+Blink +Inv}
 51741 | D:15     | Found a portal to a secret trove of treasure.
 53959 | Shoals:4 | Got a barnacled rune of Zot
 54487 | Shoals:4 | Reached XP level 20. HP: 152/155 MP: 41/41
 54553 | Shoals:4 | Found the +8 longbow "Zephyr" {speed, Dex+3 SInv}
 55181 | Shoals:4 | Identified the +10 flail "Pocoot" {distort, Int+3}
 55379 | D:11     | Lost mutation: Your flesh is cold resistant. (rC+) [potion
                  | of mutation]
 55379 | D:11     | Gained mutation: You are weak. (Str -2) [potion of
                  | mutation]
 55380 | D:11     | Lost mutation: You are weak. (Str -2) [potion of mutation]
 55380 | D:11     | Gained mutation: [You occasionally lose the ability to read
                  | scrolls when taking damage.] [potion of mutation]
 55380 | D:11     | Gained mutation: Your spells are a little harder to cast,
                  | but a little more powerful. [potion of mutation]
 55381 | D:11     | Lost mutation: [You occasionally lose the ability to read
                  | scrolls when taking damage.] [potion of mutation]
 55381 | D:11     | Lost mutation: Your spells are a little harder to cast, but
                  | a little more powerful. [potion of mutation]
 55381 | D:11     | Gained mutation: You have hidden genetic potential. [potion
                  | of mutation]
 55381 | D:11     | Lost mutation: You have hidden genetic potential. [potion
                  | of mutation]
 55381 | D:11     | Gained mutation: You are somewhat resistant to further
                  | mutation. [potion of mutation]
 55448 | Vaults:1 | Entered Level 1 of the Vaults
 57054 | Vaults:1 | Identified the +6 rapier "Exyigeef" {flame, rElec Str-5
                  | Dex+2}
 57640 | Vaults:1 | Acquired the +7 sceptre of Torment {pain, torment}
 57640 | Vaults:1 | Found the +7 sceptre of Torment {pain, torment}
 57642 | Vaults:1 | Acquired a +1 tower shield of protection
 58293 | Vaults:2 | Reached skill level 12 in Shields
 58327 | Vaults:2 | Reached skill level 10 in Fire Magic
 58501 | Vaults:2 | Reached XP level 21. HP: 162/162 MP: 43/43
 58526 | Vaults:2 | Found a magical portal.
 58616 | WizLab   | Entered Zonguldrok's Shrine
 60792 | Vaults:2 | You fall into a shaft and drop 1 floor!
 62647 | Vaults:3 | Identified the ring of Qeempehazo {rN+ MP+9}
 62925 | Vaults:3 | Reached skill level 13 in Shields
 63599 | Vaults:4 | Reached skill level 15 in Conjurations
 64200 | Vaults:3 | Found a staircase to the Crypt.
 64402 | Crypt:1  | Entered Level 1 of the Crypt
 64866 | Vaults:2 | Identified the +1 chain mail of Courage {Will+ Dex+3}
 65658 | Vaults:2 | Reached XP level 22. HP: 167/169 MP: 37/44
 67851 | D:15     | You paid a toll of 16 potions of curing to enter a treasure
                  | trove
 67852 | Trove    | Entered a treasure trove
 67872 | Trove    | Identified the scarf of Refuge {harm, Str+2}
 67876 | Trove    | Found the +3 robe of Clouds {*Thunder rCloud rElec}
 67880 | Trove    | Identified the +1 pair of gloves of Wisdom {*Slow rPois
                  | Dex+2}
 67889 | Trove    | Identified the +1 pair of gloves "Xixisorgh" {rN+ rCorr}
 67897 | Trove    | Identified the +0 animal skin "Hunao" {Regen+}
 67898 | Trove    | Identified the +1 pair of boots of Bedevilment {rPois Will+
                  | Int-5 Dex+2}
 68219 | Crypt:1  | Noticed Frederick
 68228 | Crypt:1  | Killed Frederick
 68229 | Crypt:1  | Reached skill level 14 in Shields
 69355 | Crypt:1  | Reached skill level 10 in Armour
 71682 | Spider:2 | Noticed Arachne
 71969 | Spider:1 | Identified the +3 scale mail of Gluttony {rF- Dex+4}
 72030 | Spider:4 | Entered Level 4 of the Spider Nest
 72971 | Spider:2 | Killed Arachne
 73198 | Spider:2 | Identified Roxanne's Almanac of Teratogeny
 73198 | Spider:2 | Noticed Roxanne
 73666 | D:11     | Learned a level 9 spell: Fire Storm
 75043 | Lair:4   | You fall into a shaft and drop 1 floor!
 75216 | Lair:4   | You fall into a shaft and drop 1 floor!
 75520 | Lair:4   | You fall into a shaft and drop 1 floor!
 75715 | Slime:1  | Reached XP level 23. HP: 175/175 MP: 46/46
 75951 | Slime:2  | Reached skill level 15 in Shields
 76353 | Slime:2  | Gained mutation: You are vulnerable to heat. (rF-) [a
                  | shining eye]
 76520 | Slime:1  | Reached skill level 15 in Fire Magic
 77430 | Slime:2  | Gained mutation: Your magical capacity is low. (-10% MP)
                  | [mutagenic glow]
 79130 | Slime:5  | Entered Level 5 of the Pits of Slime
 79466 | Slime:4  | Reached skill level 16 in Shields
 79623 | Slime:4  | Gained mutation: You occasionally lose the ability to drink
                  | potions when taking damage. [a shining eye]
 79862 | D:11     | Lost mutation: You are vulnerable to heat. (rF-) [potion of
                  | mutation]
 79862 | D:11     | Lost mutation: You are somewhat resistant to further
                  | mutation. [potion of mutation]
 79862 | D:11     | Lost mutation: Your magical capacity is low. (-10% MP)
                  | [potion of mutation]
 79862 | D:11     | Gained mutation: Your mind is acute. (Int +4, Str/Dex -1)
                  | [potion of mutation]
 79862 | D:11     | Gained mutation: Your magical capacity is low. (-10% MP)
                  | [potion of mutation]
 79863 | D:11     | Lost mutation: You occasionally lose the ability to drink
                  | potions when taking damage. [potion of mutation]
 79863 | D:11     | Lost mutation: Your magical capacity is low. (-10% MP)
                  | [potion of mutation]
 79863 | D:11     | Lost mutation: Your mind is acute. (Int +4, Str/Dex -1)
                  | [potion of mutation]
 79863 | D:11     | Gained mutation: Your muscles are strong. (Str +4, Int/Dex
                  | -1) [potion of mutation]
 79863 | D:11     | Gained mutation: You are partially covered in iridescent
                  | scales. (AC +2) [potion of mutation]
 80517 | Slime:4  | Gained mutation: Your body sometimes deteriorates upon
                  | taking damage. [mutagenic glow]
 80530 | Slime:4  | Gained mutation: You are frail. (-10% HP) [mutagenic glow]
 80733 | Slime:5  | Noticed the Royal Jelly
 81528 | Slime:5  | Killed the Royal Jelly
 81529 | Slime:5  | Reached XP level 24. HP: 145/163 MP: 31/46
 81858 | Slime:5  | Gained mutation: Your spells are a little easier to cast,
                  | but a little less powerful. [mutagenic glow]
 81994 | Slime:4  | You fall into a shaft and drop 1 floor!
 82461 | Slime:5  | Got the Vademecum on Destruction
 82474 | Slime:5  | Learned a level 7 spell: Orb of Destruction
 82549 | Slime:5  | Acquired 317 gold pieces
 82557 | Slime:5  | Got Sif Muna's Spellbook of the Oath
 82559 | Slime:5  | Got a slimy rune of Zot
 82560 | Slime:5  | Identified the +2 short sword "Lotuxt" {distort, Will-
                  | Int+3 Dex+3 Stlth+}
 82562 | Slime:5  | Identified the +7 mace of the Dull God {freeze, rC++ rN+
                  | Will- Int+2}
 82585 | Slime:5  | Identified the +1 plate armour of Vlad {Dex+3}
 82589 | Slime:5  | Identified the +4 dagger of Cegaplor {flame, Will- Str+3
                  | Int+3 Stlth+}
 82884 | D:11     | Lost mutation: Your body sometimes deteriorates upon taking
                  | damage. [potion of mutation]
 82884 | D:11     | Lost mutation: Your spells are a little easier to cast, but
                  | a little less powerful. [potion of mutation]
 82884 | D:11     | Lost mutation: You are partially covered in iridescent
                  | scales. (AC +2) [potion of mutation]
 82884 | D:11     | Gained mutation: You are vulnerable to heat. (rF-) [potion
                  | of mutation]
 82884 | D:11     | Gained mutation: You are strong-willed. (Will+) [potion of
                  | mutation]
 82900 | D:11     | Lost mutation: You are vulnerable to heat. (rF-) [potion of
                  | mutation]
 82900 | D:11     | Lost mutation: You are frail. (-10% HP) [potion of
                  | mutation]
 82900 | D:11     | Lost mutation: Your muscles are strong. (Str +4, Int/Dex
                  | -1) [potion of mutation]
 82900 | D:11     | Gained mutation: You are highly strong-willed. (Will++)
                  | [potion of mutation]
 82900 | D:11     | Gained mutation: Your mind is acute. (Int +4, Str/Dex -1)
                  | [potion of mutation]
 83487 | Crypt:1  | Reached skill level 10 in Stealth
 84632 | Crypt:3  | Entered Level 3 of the Crypt
 85241 | Crypt:2  | Reached skill level 17 in Shields
 87582 | D:11     | Learned a level 4 spell: Passage of Golubria
 87895 | Crypt:2  | Found a huge runed translucent gate.
 87895 | Crypt:2  | Found a huge runed translucent gate.
 87895 | Crypt:2  | Found a huge runed translucent gate.
 87896 | Crypt:2  | Found a huge runed translucent gate.
 87896 | Crypt:2  | Found a huge runed translucent gate.
 87897 | Crypt:2  | Found a huge runed translucent gate.
 87898 | Crypt:2  | Found a huge runed translucent gate.
 87899 | Crypt:2  | Found a huge runed translucent gate.
 87899 | Crypt:2  | Found a huge runed translucent gate.
 88051 | Crypt:2  | Identified the +5 ring mail of the Thistle {Str+2 Stlth+}
 89665 | Crypt:3  | Identified the +4 dagger of Ointment {freeze, rCorr Stlth+}
 89918 | Crypt:3  | Identified the +7 quarterstaff "Dyf Tuek" {spect, Int+4}
 90855 | Crypt:3  | Identified the +6 arbalest "Daesmori" {flame, Dex+3}
 92208 | Crypt:3  | Found an ancient bone altar of Kikubaaqudgha.
 92660 | Crypt:3  | Found a staircase to the Tomb.
 92695 | Tomb:1   | Entered Level 1 of the Tomb of the Ancients
 93943 | Tomb:1   | Identified the staff of death "Ihipopy" {rC+ rN+ Stlth+}
 94061 | Tomb:1   | Noticed a royal mummy
 94069 | Tomb:1   | Killed a royal mummy
 94070 | Tomb:1   | Reached XP level 25. HP: 95/188 MP: 21/46
 94386 | Tomb:1   | Noticed Mennas
 94661 | Tomb:1   | Reached skill level 18 in Shields
 94663 | Tomb:1   | Noticed a royal mummy
 94668 | Tomb:1   | Killed a royal mummy
 94848 | Tomb:1   | Killed Mennas
 95525 | Tomb:1   | Identified the +4 trident of the People {elec, Fragile Fly
                  | rF+ rN+}
 95953 | Tomb:1   | Noticed a royal mummy
 95975 | Tomb:1   | Killed a royal mummy
 95975 | Tomb:1   | HP: 5/188 [something (19)]
 99339 | Spider:2 | Killed Roxanne
 99611 | Spider:3 | Found a transporter.
 99635 | Spider:3 | Found a transporter.
 99640 | Spider:3 | Noticed Xof Pepn's ghost (adept MiBe)
101288 | Spider:4 | Reached skill level 10 in Translocations
102163 | Spider:4 | Reached skill level 19 in Shields
102720 | Spider:4 | Got a gossamer rune of Zot
102734 | Spider:4 | Identified the +0 hat of the True Pharaoh {+Blink}
102944 | Spider:3 | HP: 6/188 [something (21)]
102946 | Spider:3 | HP: 1/188 [Xof Pepn's ghost (24)]
103364 | Spider:3 | Killed Xof Pepn's ghost
103488 | Spider:3 | Identified the ring of a Thousand Lives {Wiz Int+2}
103502 | Spider:3 | Identified the amulet of Twilight {rF+ Regen+}
104177 | Crypt:2  | Identified the staff of earth "Agonodgha" {rElec Stlth+}
105062 | Depths:1 | Reached XP level 26. HP: 178/195 MP: 46/46
106014 | Depths:1 | Found Sucvexaene's Self-Improvement Boutique.
106025 | Depths:1 | Bought a manual of Shields for 1840 gold pieces
106025 | Depths:1 | Bought a manual of Dodging for 1840 gold pieces
106203 | Depths:1 | Found a gateway to Hell.
106228 | Depths:1 | Reached skill level 5 in Dodging
106427 | Depths:2 | Noticed Louise
106552 | Depths:2 | Killed Louise
107246 | Depths:2 | Found a one-way gate leading to the halls of Pandemonium.
107260 | Depths:2 | Found a transporter.
107325 | Depths:4 | Entered Level 4 of the Depths
107549 | Depths:3 | Reached skill level 20 in Shields
109014 | Depths:2 | Found a transporter.
109288 | Depths:2 | Found a one-way gate to the infinite horrors of the Abyss.
109313 | Depths:2 | Found Bawa's Assorted Antiques.
109417 | Depths:2 | Found a transporter.
109425 | Depths:2 | Found a transporter.
110250 | Depths:3 | Reached skill level 15 in Stealth
110259 | Depths:3 | Reached skill level 21 in Shields
110772 | Depths:3 | Identified the +7 scimitar of Siduw {flame, Int+2 Dex+4}
111262 | Depths:3 | Identified the +2 plate armour "Busucax" {rC+}
111669 | Depths:4 | Identified the +5 scale mail of Patience {rN+ Slay+3
                  | Stlth+}
111680 | Depths:4 | Found Riewisez's Antique Weapon Emporium.
111685 | Depths:4 | Found Jeozxi's Antique Armour Emporium.
111690 | Depths:4 | Bought an ichor-stained trident for 289 gold pieces
111690 | Depths:4 | Identified the +2 trident of Mirph {heavy, rC+ MP+9} (You
                  | bought it in a shop on level 4 of the Depths)
112075 | Depths:4 | Found a one-way gateway to a ziggurat.
112180 | Depths:4 | Reached skill level 22 in Shields
112247 | Depths:4 | Reached XP level 27. HP: 201/201 MP: 46/46
112399 | Depths:4 | Found a gate to the Realm of Zot.
112405 | Zot:1    | Entered Level 1 of the Realm of Zot
112986 | Zot:1    | Reached skill level 23 in Shields
114399 | Vaults:5 | Entered Level 5 of the Vaults
114412 | Vaults:5 | Noticed Bai Suzhen
114596 | Vaults:5 | Noticed Jory
114947 | Vaults:4 | Killed Jory
115200 | Vaults:4 | Killed Bai Suzhen
115336 | Vaults:5 | Reached skill level 10 in Dodging
115339 | Vaults:5 | Reached skill level 24 in Shields
115339 | Vaults:5 | Reached skill level 10 in Ice Magic
115667 | Vaults:5 | Identified the +4 sling "Toit" {heavy, rElec rPois Dex+2}
115787 | Vaults:5 | Identified the +1 arbalest of Ytiku {penet, rPois rCorr
                  | Str+4 Stlth-}
115847 | Vaults:5 | Identified the ring of Aryirr {Ice rPois Str+2 Dex-3
                  | Slay+2}
115847 | Vaults:5 | Noticed Saint Roka
115855 | Vaults:5 | Killed Saint Roka
115861 | Vaults:5 | Noticed Margery
115910 | Vaults:5 | Killed Margery
116429 | Vaults:5 | Got a silver rune of Zot
116435 | Vaults:5 | Got Ubagy's Spellbook of Companions
116837 | Vaults:5 | Identified the +2 longbow "Zesig" {heavy, Int+2 Dex+2}
116931 | Vaults:5 | Identified the +6 scale mail of Brilliance {rElec rN+}
117506 | Hell     | Entered the Vestibule of Hell
117506 | Hell     | Noticed Geryon
117541 | Hell     | Killed Geryon
117996 | Hell     | Found a gateway to the decaying netherworld of Tartarus.
118173 | Hell     | Reached skill level 15 in Ice Magic
118180 | Hell     | Found a gateway to the freezing wastes of Cocytus.
118282 | Hell     | Found a gateway to the Iron City of Dis.
118327 | Hell     | Found a gateway to the ashen valley of Gehenna.
118660 | Coc:1    | Entered Level 1 of Cocytus
119377 | Coc:3    | Noticed a shard shrike
119529 | Coc:3    | Killed a shard shrike
119593 | Coc:3    | Noticed a shard shrike
119594 | Coc:3    | Noticed a shard shrike
119595 | Coc:3    | Killed a shard shrike
119595 | Coc:3    | Killed a shard shrike
120115 | D:11     | Learned a level 9 spell: Polar Vortex
120517 | Coc:5    | Noticed a shard shrike
120517 | Coc:5    | Noticed a shard shrike
120518 | Coc:5    | Noticed a shard shrike
120519 | Coc:5    | Killed a shard shrike
120519 | Coc:5    | Killed a shard shrike
120519 | Coc:5    | Noticed a shard shrike
120520 | Coc:5    | Noticed a shard shrike
120523 | Coc:5    | Noticed a shard shrike
120524 | Coc:5    | Killed a shard shrike
120524 | Coc:5    | Killed a shard shrike
120524 | Coc:5    | Killed a shard shrike
120528 | Coc:5    | Killed a shard shrike
120778 | Coc:6    | Noticed a shard shrike
120778 | Coc:6    | Noticed a shard shrike
120782 | Coc:6    | Killed a shard shrike
120783 | Coc:6    | Killed a shard shrike
120783 | Coc:6    | Noticed a shard shrike
120783 | Coc:6    | Noticed a shard shrike
120784 | Coc:6    | Noticed a shard shrike
120786 | Coc:6    | Noticed a shard shrike
120787 | Coc:6    | Killed a shard shrike
120787 | Coc:6    | Killed a shard shrike
120789 | Coc:6    | Noticed a shard shrike
120790 | Coc:6    | Killed a shard shrike
120791 | Coc:6    | Killed a shard shrike
120796 | Coc:6    | Killed a shard shrike
120903 | Coc:7    | Entered Level 7 of Cocytus
121878 | Coc:7    | Killed from afar by a wendigo

Illustrated notes

Levels and vault maps discovered:
D:1:      tarquinn_simple_flora_water_e, layout_rooms, roderic_lattice_a
D:2:      layout_basic, uniq_terence, uniq_jessica
D:3:      layout_loops_ring, vehumet_crystals, mainiacjoe_overflow_tiny_flanked,
          serial_forest, infiniplex_forest_lined_room_2,
          infiniplex_forest_clump_long, infiniplex_forest_lined_2,
          infiniplex_forest_clump_long, uniq_robin
D:4:      layout_loops_ring, amcnicky_altar_gilded, enter_ossuary_3,
          uniq_crazy_yiuf_cottage, uniq_sigmund
D:5:      layout_cave_pods, minmay_temple_entry_sparse_star,
          nicolae_shop_fire_sale [nicolae_sub_dead_trees],
          chequers_serial_rivers_room_a, grunt_ministairs_1, minivault_19,
          nicolae_specific_store, nicolae_sextant, kennysheep_generic_room_12
D:6:      layout_cave_pods, uniq_pikel
D:7:      layout_loops_ring, mainiacjoe_overflow_alcove_1
D:8:      layout_basic, nemelex_spade_bored_becter
D:9:      layout_gridville, dpeg_lair_monsters, reono_crystal_passage
D:10:     layout_basic, nicolae_ru_awakened_eye, mainiacjoe_overflow_catwalk,
          mainiacjoe_overflow_concentric_impassable, enter_bailey_8,
          serial_shops, shop, chequers_serial_rivers_micro_e, bh_circular_ruins
D:11:     layout_basic, orc_0_dummy
D:12:     layout_cave_pools, gauntlet_entry_generic
D:13:     layout_basic, serial_glass, glass_columns_b, glass_columns_b,
          item_on_display_a, due_unseen_surprise, serial_park_tiny_pond,
          led_sif_pool
D:14:     layout_irregular_city, skrybe_vaults_entry_preservation,
          serial_bayou_crossing
D:15:     grunt_enter_depths_snipers, layout_layer_cave,
          nicolae_trove_entry_crystal, serial_bayou_pond_c
Temple:   jpeg_temple_clearing
Lair:1:   kb_forest_paths, layout_regular_city, kennysheep_abandoned_house,
          uniq_erica
Lair:2:   layout_regular_city, nicolae_shoals_entry_roost, st_stairs_3,
          hangedman_lair_unloving_vines
Lair:3:   layout_gridlike, dummy_spider_entry, basic_altar, st_stairs_13
Lair:4:   layout_roguey, slime_entry_1, basic_altar
Lair:5:   wormcave, layout_regular_city, portal_ice_cave_entry_imps,
          grunt_forest_large_clearing_hut
Shoals:1: layout_shoals
Shoals:2: layout_shoals, nicolae_shoals_raging_river
Shoals:3: layout_shoals, serial_shops, nicolae_shop_hallway_stairs
Shoals:4: shoals_end_hangedman, layout_shoals, nicolae_shoals_cliffside_cave
Spider:1: layout_spider_delve
Spider:2: nicolae_spider_hilbert_zone_3 [nicolae_spider_hilbert_4_sides_2_open,
          nicolae_spider_hilbert_3_sides_1_open,
          nicolae_spider_hilbert_3_sides_1_open,
          nicolae_spider_hilbert_3_sides_1_open,
          nicolae_spider_hilbert_3_sides_1_open,
          nicolae_spider_hilbert_4_sides_1_open,
          nicolae_spider_hilbert_4_sides_1_open,
          nicolae_spider_hilbert_4_sides_1_open,
          nicolae_spider_hilbert_4_sides_1_open,
          nicolae_spider_hilbert_4_sides_1_open,
          nicolae_spider_hilbert_4_sides_1_open,
          nicolae_spider_hilbert_4_sides_1_open,
          nicolae_spider_hilbert_4_sides_1_open,
          nicolae_spider_hilbert_3_sides_1_open,
          nicolae_spider_hilbert_3_sides_1_open,
          nicolae_spider_hilbert_3_sides_1_open,
          nicolae_spider_hilbert_3_sides_1_open], uniq_roxanne, uniq_arachne
Spider:3: layout_spider_delve, gammafunk_ghost_berserking_beasts,
          nicolae_spider_moth_buddies
Spider:4: johnstein_spider_rune_arachne_lair, nicolae_spider_circle_web,
          hangedman_spider_mandibles
Slime:1:  layout_caves
Slime:2:  layout_caves, special_room [special_room_jelly],
          nicolae_slime_phagocytosis
Slime:3:  nicolae_slime_infinislime, layout_caves
Slime:4:  layout_caves, cheibrodos_slime_lost_civilization_4
Slime:5
Orc:1:    orc_temple, layout_caves, basic_altar, nicolae_orc_damp_corner
Orc:2:    st_orc_congregation, layout_diamond_mine
Elf:1:    eino_elf_arrival_altar, layout_geoelf_diagonals, minmay_elf_sorcery,
          hex_intersection, uniq_louise
Elf:2:    nicolae_elf_blades_splatter_lattice
          [nicolae_blade_entry_diamond_columns], layout_geoelf_octagon,
          portal_desolation_entry_ruin, serial_shops, nicolae_shop_tiny_glass,
          item_on_display_a
Elf:3:    grunt_elf_hall_spiral, layout_loops_corners, corexii_checkpoint_a
Vaults:1: v_misc_3, vaults_dpeg_cross, ontoclasm_vaults_ring_square,
          nicolae_vaults_closet_pinwheel_6, nicolae_vaults_border_crossing,
          nicolae_vaults_tetromino_Z_2, dpeg_vaults_waves,
          hangedman_vaults_variations, nicolae_vaults_ninety_degrees,
          nicolae_vaults_closet_pinwheel_4, ontoclasm_vaults_twist,
          ontoclasm_vaults_loading_screen, vaults_room_pools,
          layout_vaults_omnibox
Vaults:2: mu_enter_wizlab_4, vaults_room_semicircle, nicolae_vaults_trapezoid_4,
          grunt_vaults_funnel, nicolae_vaults_house_2,
          nicolae_vaults_stairing_the_circle, v_misc_5, v_pattern_4,
          nicolae_vaults_antechamber_and_loot_room,
          nicolae_vaults_heart-shaped_vault, v_alt_pattern_4,
          hangedman_vaults_stagger, nicolae_vaults_little_squares_2,
          vaults_dpeg_doors, layout_vaults_big_cross
Vaults:3: nicolae_vaults_security_offices_2, vaults_dpeg_diagonal,
          minmay_crypt_entry_simple_round, nicolae_vaults_storage_room_statues,
          nicolae_vaults_tangram_2, grunt_vaults_trifunnel,
          nicolae_vaults_tetromino_L_2, vaults_dpeg_ring,
          nicolae_vaults_closet_pinwheel_4, nicolae_vaults_little_squares_6,
          v_misc_10, nicolae_vaults_trapezoid_lopsided_1, layout_vaults_big_room
Vaults:4: ontoclasm_vaults_eye, st_spiral_rooms,
          nicolae_vaults_door_testing_chamber, dpeg_vaults_monster_box,
          nicolae_vaults_trapezoid_3, nicolae_vaults_double_plus_1,
          layout_vaults_omnigrid
Vaults:5: uniq_bai_suzhen, uniq_margery, uniq_jory, uniq_saint_roka
Crypt:1:  layout_basic, grunt_crypt_arrival_split, grunt_megastairs_1,
          uniq_frederick
Crypt:2:  cheibrodos_crypt_3hun_7po, layout_rooms, minmay_strange_pillars
Crypt:3:  quadcrypt_mu
Tomb:1:   uniq_mennas
Depths:1: layout_cave_pools, grunt_mini_vestibule, skrybe_limestone_x,
          nicolae_shop_self_help
Depths:2: minmay_haunted_quarter, layout_cave_shapes,
          nicolae_abyss_entry_one_way_or_another, serial_shops,
          nicolae_diamond_shop, pan_entry, hell_entry,
          nicolae_transporter_circle
Depths:3: minmay_skeleton_keep, layout_cave_pools, pf_dread_powers_of_hell,
          minmay_room_of_horrors, dreamdust_wishing_well,
          hangedman_decor_cross_pass, infiniplex_staircase_river
Depths:4: evilmike_zot_entry_gauntlet, layout_basic, enter_ziggurat_e,
          hell_entry, minmay_misc_feat_five, minmay_shop_star,
          serial_bayou_shore_a
Hell
Coc:1:    nicolae_coc_hellspring, layout_ice_bergs
Coc:2:    nicolae_coc_naught_crossing, layout_ice_bergs
Coc:3:    layout_cocytus_delve, nicolae_coc_kraken_the_ice
Coc:4:    layout_cocytus_delve, nicolae_hells_hurtin_island
Coc:5:    layout_ice_bergs
Coc:6:    layout_cocytus_water_paths
Coc:7:    coc_dpeg
Zot:1:    layout_twisted_circle
Zot:2:    layout_twisted_circle
Zot:3:    layout_twisted_circle, uniq_grunn

Skill      XL: |  1  2  3  4  5  6  7  8  9 10 11 12 13 14 15 16 17 18 19 20 21 22 23 24 25 26 27 |
---------------+----------------------------------------------------------------------------------+-----
Dodging        | 2 3 4 8 10 | 10.0
Spellcasting   | 1 2 4 5 6 7 8 9 10 13 16 17 18 19 | 19.8
Conjurations   | 2 3 4 5 7 8 9 10 11 12 14 15 16 17 18 19 | 19.4
Evocations     | 1 2 3 |  3.0
Fighting       | 4 5 6 7 8 9 10 11 12 13 14 | 14.4
Shields        | 2 3 5 6 8 11 12 13 14 16 17 19 22 24 | 24.0
Staves         | 1 2 |  2.5
Armour         | 1 2 3 4 5 6 7 9 10 11 | 11.5
Stealth        | 7 8 9 10 12 15 17 | 17.0
Translocations | 3 4 5 6 8 10 | 10.0
Ice Magic      | 1 4 6 8 9 20 | 20.3
Air Magic      | 1 2 3 4 5 6 |  6.0
Poison Magic   | 6 |  6.0
Earth Magic    | 2 4 |  4.6
Ranged Weapons | 2 3 |  3.0
Transmutations | 2 |  2.7
Necromancy     | 4 7 9 10 | 10.0
Fire Magic     | 4 7 10 12 14 16 17 18 19 | 19.5
Maces & Flails | |  2.2

Action                     |  1- 3 |  4- 6 |  7- 9 | 10-12 | 13-15 | 16-18 | 19-21 | 22-24 | 25-27 || total
---------------------------+-------+-------+-------+-------+-------+-------+-------+-------+-------++-------
  Melee: Mace              |    37 |    92 |       |       |       |       |       |       |       ||   129
         Punch             |     1 |     1 |     3 |       |       |       |       |       |       ||     5
         Whip              |       |   181 |       |       |       |       |       |       |       ||   181
         Quarterstaff      |       |     7 |   215 |    78 |    86 |     8 |     5 |       |    19 ||   418
         Unarmed           |       |       |     6 |       |       |       |       |       |       ||     6
         Short sword       |       |       |     4 |       |     2 |       |       |       |       ||     6
         Staff             |       |       |       |       |       |     1 |     9 |     5 |       ||    15
         Bo                |       |       |       |       |       |       |    31 |    30 |    25 ||    86
         Eveningstar       |       |       |       |       |       |       |     8 |       |       ||     8
         Rapier            |       |       |       |       |       |       |     2 |       |       ||     2
   Fire: Sling             |       |       |     5 |   109 |   509 |    73 |     2 |       |       ||   698
         Shortbow          |       |       |     5 |       |       |       |       |       |       ||     5
         Longbow           |       |       |       |       |       |       |    70 |    14 |    26 ||   110
  Throw: Dart              |       |       |       |       |     6 |     4 |       |       |     1 ||    11
         Throwing net      |       |       |       |       |     1 |       |       |     1 |     1 ||     3
   Cast: Ignite Poison     |       |       |     2 |    18 |    60 |   146 |   193 |    82 |    68 ||   569
         Freezing Cloud    |       |       |     1 |    97 |   219 |   209 |   247 |    76 |    23 ||   872
         Iskenderun's Myst |       |       |       |    23 |    51 |    57 |   128 |   191 |    69 ||   519
         Kiss of Death     |       |       |       |     1 |       |       |       |       |       ||     1
         Olgreb's Toxic Ra |       |       |       |    21 |    63 |   146 |   159 |    61 |    65 ||   515
         Stone Arrow       |       |       |       |    13 |    24 |    69 |   132 |    56 |    34 ||   328
         Fireball          |       |       |       |       |    53 |    10 |    86 |   144 |    56 ||   349
         Sublimation of Bl |       |       |       |       |    20 |   199 |   180 |   156 |   315 ||   870
         Conjure Ball Ligh |       |       |       |       |    19 |     1 |     2 |    21 |     3 ||    46
         Plasma Beam       |       |       |       |       |    13 |       |     3 |     1 |       ||    17
         Fire Storm        |       |       |       |       |       |       |       |   170 |   476 ||   646
         Orb of Destructio |       |       |       |       |       |       |       |    71 |   187 ||   258
         Passage of Golubr |       |       |       |       |       |       |       |    56 |    60 ||   116
         Polar Vortex      |       |       |       |       |       |       |       |       |     3 ||     3
Ability: Shaft Self        |       |     3 |     2 |     2 |       |     2 |     2 |     5 |     1 ||    17
         Dig               |       |     1 |     1 |     6 |     2 |     5 |     1 |       |     6 ||    22
  Evoke: Wand              |       |       |     7 |     2 |     6 |       |     5 |     2 |     8 ||    30
         Phantom mirror    |       |       |       |       |       |       |       |     2 |     2 ||     4
    Use: Scroll            |     1 |     5 |     7 |     4 |    11 |     6 |     3 |    16 |     5 ||    58
         Potion            |     1 |       |       |     3 |     2 |    11 |     5 |     9 |    19 ||    50
   Stab: Sleeping          |     3 |    15 |     7 |     8 |       |       |     2 |       |       ||    35
 Armour: Skin              |     6 |       |     7 |       |       |       |     2 |       |       ||    15
         Ring mail         |    10 |   115 |   114 |       |       |       |    57 |     9 |    47 ||   352
         Leather armour    |       |       |     3 |    59 |    71 |    48 |       |       |       ||   181
         Robe              |       |       |       |       |       |       |    21 |    60 |    43 ||   124
  Dodge: Dodged            |    23 |   202 |   205 |   132 |   134 |   135 |   146 |   161 |   188 ||  1326
         Repelled          |       |       |       |       |       |       |       |       |    10 ||    10
  Block: Buckler           |       |       |       |     9 |    82 |    49 |    63 |    59 |    86 ||   348
         Tower shield      |       |       |       |       |       |       |   149 |   220 |   208 ||   577

Table legend: (Time is in decaauts)
 A = Elapsed time spent in this place.
 B = Non-inter-level travel time spent in this place.
 C = Inter-level travel time spent in this place.
 D = Time resting spent in this place.
 E = Time spent auto-exploring this place.
 F = Levels seen in this place.
 G = Mean time per level.
                   A        B        C        D        E       F      G
               +--------+--------+--------+--------+--------+-----+--------+
         Total | 122992 | 108508 |  14484 |  50684 |  24863 |  67 | 1835.7 |
       Dungeon |  26067 |  20605 |   5462 |   6086 |   8417 |  15 | 1737.8 |
        Temple |     86 |     68 |     18 |      0 |     55 |   1 |   86.0 |
          Lair |  10139 |   8590 |   1549 |   3344 |   2939 |   5 | 2027.8 |
        Shoals |   7386 |   6635 |    751 |   3443 |    622 |   4 | 1846.5 |
   Spider Nest |   8092 |   7686 |    406 |   3396 |   1960 |   4 | 2023.0 |
    Slime Pits |   6681 |   5853 |    828 |   2468 |   1841 |   5 | 1336.2 |
  Orcish Mines |   5228 |   4611 |    617 |   2210 |    901 |   2 | 2614.0 |
   Elven Halls |  10196 |   9476 |    720 |   5166 |   1678 |   3 | 3398.7 |
        Vaults |  15290 |  13805 |   1485 |   6227 |   3015 |   5 | 3058.0 |
         Crypt |  12507 |  11437 |   1070 |   7139 |   1345 |   3 | 4169.0 |
          Tomb |   4703 |   4612 |     91 |   2869 |      0 |   1 | 4703.0 |
        Depths |   8413 |   7571 |    842 |   4049 |   1559 |   4 | 2103.2 |
          Hell |   1696 |   1604 |     92 |   1019 |    410 |   1 | 1696.0 |
       Cocytus |   2075 |   1554 |    521 |    642 |     90 |   7 |  296.4 |
           Zot |    531 |    505 |     26 |    215 |     12 |   3 |  177.0 |
         Trove |     68 |     68 |      0 |      0 |     17 |   1 |   68.0 |
        Bailey |    480 |    480 |      0 |    164 |      0 |   1 |  480.0 |
      Ice Cave |   2529 |   2529 |      0 |   1696 |      0 |   1 | 2529.0 |
        Wizlab |    817 |    817 |      0 |    548 |      0 |   1 |  817.0 |
               +--------+--------+--------+--------+--------+-----+--------+

Top non-repeatable levels by time:
 Crypt:1: 6210 daAuts
 Crypt:3: 5281 daAuts
  Tomb:1: 4703 daAuts
   Elf:2: 3926 daAuts
Vaults:3: 3822 daAuts
Vaults:2: 3488 daAuts
   Elf:3: 3220 daAuts
    D:15: 3196 daAuts
Vaults:4: 3090 daAuts
Depths:3: 3072 daAuts
   Elf:1: 3050 daAuts
Vaults:1: 3020 daAuts
  Lair:5: 2925 daAuts
   Orc:2: 2734 daAuts
Shoals:2: 2686 daAuts
